 Dungeon Crawl Stone Soup version 0.25.1-8-g42b30a86e7 (webtiles) character file.

Game seed: 1221933335559464589

241 hawla the Conjurer (level 5, -9/38 HPs)
             Began as a Draconian Conjurer on Dec 1, 2020.
             Mangled by a hornet (10 damage)
             ... while paralysed by a hornet
             ... on level 4 of the Dungeon.
             The game lasted 00:09:41 (3887 turns).

hawla the Conjurer (Draconian Conjurer)             Turns: 3887, Time: 00:09:41

Health: -9/38      AC:  5    Str: 11    XL:     5   Next: 80%
Magic:  0/10       EV:  2    Int: 16    God:
Gold:   81         SH:  0    Dex: 11    Spells: 4/11 levels left

rFire    . . .     SeeInvis +   a - +2 short sword (drain)
rCold    . . .     Gourm    .   (no shield)
rNeg     . . .     Faith    .   (armour unavailable)
rPois    .         Spirit   .   (helmet restricted)
rElec    .         Reflect  .   (no cloak)
rCorr    .         Harm     .   (no gloves)
MR       .....                  (no boots)
Stlth    ++........             (no amulet)
HPRegen  0.12/turn              c - +4 ring of evasion
MPRegen  0.12/turn              f - ring of see invisible

@: paralysed, lethally poisoned (-9 -> -17), slowed
A: unfitting armour, cold-blooded, AC +5
a: no special abilities


You were on level 4 of the Dungeon.
You were hungry.

You visited 1 branch of the dungeon, and saw 4 of its levels.

You collected 81 gold pieces.

Inventory:

Hand Weapons
 a - a +2 short sword of draining (weapon)
 l - a +1 whip of freezing
Jewellery
 c - a +4 ring of evasion (left hand)
 f - a ring of see invisible (right hand)
Scrolls
 g - a scroll of amnesia
 k - 2 scrolls of enchant weapon
 q - a scroll of teleportation
Potions
 d - 3 potions of mutation {unknown}
 e - a potion of resistance
 h - a potion of invisibility
 j - a potion of curing
 m - a potion of berserk rage {unknown}
 o - a potion of cancellation {unknown}
Comestibles
 b - 7 rations
 i - a chunk of flesh


   Skills:
 - Level 1.7 Dodging
 - Level 1.7 Stealth
 * Level 3.8 Spellcasting
 + Level 4.2 Conjurations
 + Level 4.1 Translocations


You had 4 spell levels left.
You knew the following spells:

 Your Spells              Type           Power        Failure   Level  Hunger
a - Magic Dart            Conj           ###.         3%          1    None
b - Searing Ray           Conj           ###...       4%          2    ##.....
c - Iskenderun's Mystic   Conj/Tloc      ###.....     30%         4    ####...

Your spell library contained the following spells:

 Spells                   Type           Power        Failure   Level  Hunger
 Dazzling Flash           Conj/Hex       #.....       22%         3    ###....
 Fulminant Prism          Conj/Hex       #.........   58%         4    ####...


Dungeon Overview and Level Annotations

Branches:
Dungeon (4/15)
 Temple: D:4-7

Altars:
Ashenzari
Dithmenos
Qazlal


Innate Abilities, Weirdness & Mutations

Your plain brown scales are hard. (AC +5)
You cannot fit into any form of body armour.
You are cold-blooded and may be slowed by cold attacks.


Message History

You are feeling hungry.
The hornet barely misses you. The hornet stings you!
You feel yourself slow down.
Casting: Searing Ray (safe; 4% risk of failure)
Confirm with . or Enter, or press ? or * to list all spells.
Aiming: Searing Ray (safe; 4% risk of failure)
Press: ? - help, Shift-Dir - straight line, f/p - hornet
Aim: a hornet (lightly wounded)
The searing ray hits the hornet!
The hornet is moderately wounded. (Press . to maintain the ray.)
You feel yourself speed up. The hornet stings you!
You are poisoned.
You suddenly lose the ability to move!
The hornet stings you!
* * * LOW HITPOINT WARNING * * *
You feel yourself slow down.
* * * LOW HITPOINT WARNING * * *
You feel sick. The hornet stings you!
You die...

#. .## #.##
##.. #...
...# ... ...
#.###.. ..# #
..... ..###..
#..###.......
#............
#...y@..#####
##.#.##.#
#.#.# ...
#.#.. ..#
...... #.#
#.#### .. #.
##


You could see a hornet.

Vanquished Creatures
  A centaur skeleton (D:4)
  7 gnolls
  5 adders
  2 oozes
  A worm (D:2)
  3 dart slugs
  A leopard gecko (D:1)
  2 orcs (D:3)
  A ball python (D:3)
  8 bats
  5 giant cockroaches
  9 goblins
  10 hobgoblins
  6 jackals
  6 frilled lizards
  8 kobolds
  13 rats
88 creatures vanquished.

Notes
Turn   | Place    | Note
-------+----------+-------------------------------------------
     0 | D:1      | hawla the Draconian Conjurer began the quest for the Orb.
     0 | D:1      | Reached XP level 1. HP: 14/14 MP: 3/3
   313 | D:1      | Reached XP level 2. HP: 20/20 MP: 3/5
  1111 | D:1      | Reached XP level 3. HP: 24/26 MP: 2/7
  1168 | D:1      | Learned a level 2 spell: Searing Ray
  1943 | D:2      | Found a stormy altar of Qazlal.
  2099 | D:1      | Reached XP level 4. HP: 33/33 MP: 1/9
  2109 | D:1      | Learned a level 4 spell: Iskenderun's Mystic Blast
  2226 | D:2      | Reached skill level 1 in Translocations
  2536 | D:2      | Found a shadowy altar of Dithmenos.
  2536 | D:2      | Found a shattered altar of Ashenzari.
  2718 | D:3      | Reached XP level 5. HP: 38/38 MP: 6/10
  3883 | D:4      | Noticed a hornet
  3886 | D:4      | Paralysed by a hornet for 2 turns
  3887 | D:4      | HP: 1/38 [poisoned by a hornet]
  3887 | D:4      | Mangled by a hornet

Illustrated notes

Levels and vault maps discovered:
D:1:      psy_arrival_wood_between_worlds, layout_basic
D:2:      layout_rooms, lemuel_round_altar, gammafunk_temple_overflow_wave,
          serial_glass, glass_columns_a, glass_columns_b
D:3:      layout_basic
D:4:      layout_loops_ring, grunt_temple_overflow_opulence,
          minmay_temple_entry_stoned_glass, serial_shops, shop_statue

Skill      XL: |  1  2  3  4  5 |
---------------+----------------+-----
Spellcasting   | 3 |  3.8
Translocations | 2 4 |  4.1
Dodging        | |  1.7
Stealth        | |  1.7
Conjurations   | |  4.2

Action                   |  1- 3 |  4- 6 || total
-------------------------+-------+-------++-------
Melee: Unarmed           |     9 |     4 ||    13
       Tailslap          |     1 |     1 ||     2
 Cast: Magic Dart        |    77 |    54 ||   131
       Searing Ray       |    10 |    23 ||    33
  Use: Scroll            |     5 |     7 ||    12
  Eat: Chunk             |     4 |     6 ||    10
Armor: Skin              |     4 |     2 ||     6
Dodge: Dodged            |    22 |    13 ||    35
